[Event "Titled Tuesday Blitz August 3 2021"]
[White "Labussiere, Victor"]
[Black "Timmermans, Mark"]
[WhiteFideId "2183129"]
[BlackFideId "1026399"]
[WhiteElo "1921"]
[BlackElo "2460"]
[Result "1/2-1/2"]
[Round "03"]
[TimeControl "180+1"]
[Date "2021.08.03"]
[WhiteClock "0:00:05"]
[BlackClock "0:00:15"]

1. e4 e5 2. Bc4 Nf6 3. d3 c6 4. Nf3 d5 5. Bb3 Bd6 6. Nc3 Be6 7. O-O O-O 8. Bg5 d4 9. Ne2 Nbd7 10. a3 Bxb3 11. cxb3 Re8 12. Ng3 h6 13. Bd2 Nf8 14. Nf5 Ng6 15. Kh1 Bf8 16. Rg1 Ng4 17. Qf1 Ne7 18. Ng3 g6 19. h3 Nf6 20. Nxe5 Nf5 21. Nf3 Nxg3+ 22. fxg3 Nh5 23. Qf2 Bd6 24. e5 Rxe5 25. Nxe5 Bxe5 26. Bf4 Qf6 27. Rgf1 Bxf4 28. gxf4 Qd6 29. Rae1 a5 30. Kg1 a4 31. g4 Nf6 32. Re5 axb3 33. Rfe1 Kg7 34. Re7 b6 35. Qf3 Nd5 36. R7e4 Ne3 37. R1xe3 dxe3 38. Qxe3 c5 39. d4 Rd8 40. Kg2 cxd4 41. Qd3 Qd5 42. Kf2 Qc5 43. Re2 Qd6 44. Kg3 Qd5 45. Re4 h5 46. f5 hxg4 47. hxg4 Qd6+ 48. Kg2 Rh8 49. Qg3 Qxg3+ 50. Kxg3 Rd8 51. Re2 gxf5 52. gxf5 Kf6 53. Kf4 d3 54. Rd2 Rd5 55. Ke4 Re5+ 56. Kf3 Rxf5+ 57. Ke4 Re5+ 58. Kd4 Re2 59. Rxd3 Rxb2 60. Rf3+ Kg6 61. Kc3 Rb1 62. Rg3+ Kf6 63. Rf3+ Ke6 64. Re3+ Kd6 65. Rf3 Ke7 66. Re3+ Kf8 67. Rf3 b5 68. Re3 f6 69. Rf3 Kf7 70. Rf2 Rh1 71. Kxb3 Rh4 72. Rf5 Rh3+ 73. Kb4 Ke6 74. Rxb5 f5 75. Rb6+ Ke5 76. Rb8 Rh1 77. Re8+ Kf4 78. a4 Rb1+ 79. Kc5 Kg4 80. a5 f4 81. Rg8+ Kh3 82. Rf8 Kg3 83. a6 Ra1 84. Kb6 Rb1+ 85. Kc7 f3 86. a7 Rc1+ 87. Kb7 Rb1+ 88. Kc7 Ra1 89. Kb7 f2 90. Rxf2 Rxa7+ 91. Kxa7 Kxf2 1/2-1/2


[Site "https://www.chess.com"]

[Event "Titled Tuesday Blitz August 3 2021"]
[White "Le, Tuan Minh"]
[Black "Pavlov, Sergey"]
[WhiteFideId "12401153"]
[BlackFideId "14114330"]
[WhiteElo "2450"]
[BlackElo "2428"]
[Result "1-0"]
[Round "03"]
[TimeControl "180+1"]
[Date "2021.08.03"]
[WhiteClock "0:00:13"]
[BlackClock "0:00:01"]

1. d4 Nf6 2. Nf3 e6 3. Bf4 c5 4. c3 Nc6 5. e3 Nh5 6. Bg5 Qb6 7. Qc2 h6 8. Bh4 g5 9. Bg3 Bg7 10. Nbd2 d5 11. Be2 Nxg3 12. hxg3 g4 13. dxc5 Qxc5 14. Nb3 Qb6 15. Nfd4 h5 16. Rd1 Bd7 17. Rd2 Rc8 18. Nxc6 bxc6 19. O-O e5 20. c4 Be6 21. cxd5 cxd5 22. Qd3 Ke7 23. Rc1 Rxc1+ 24. Nxc1 h4 25. gxh4 Rxh4 26. g3 Rh8 27. Qa3+ Kf6 28. Nd3 Bf8 29. Qa4 e4 30. Ne1 Qb4 31. Qd1 Bc5 32. Ng2 Rd8 33. Nf4 d4 34. exd4 1-0


[Site "https://www.chess.com"]

[Event "Titled Tuesday Blitz August 3 2021"]
[White "Leitao, Rafael"]
[Black "Egorov, Evgeny"]
[WhiteFideId "2101246"]
[BlackFideId "13700421"]
[WhiteElo "2609"]
[BlackElo "2422"]
[Result "0-1"]
[Round "03"]
[TimeControl "180+1"]
[Date "2021.08.03"]
[WhiteClock "0:00:08"]
[BlackClock "0:00:11"]

1. c4 g6 2. g3 Bg7 3. Bg2 d6 4. Nf3 f5 5. Nc3 Nf6 6. d4 O-O 7. O-O Qe8 8. b3 h6 9. Bb2 g5 10. d5 c5 11. dxc6 bxc6 12. c5 d5 13. Ne5 Be6 14. e3 Nfd7 15. Nd3 Na6 16. b4 Rb8 17. b5 Bxc3 18. Bxc3 Rxb5 19. Qa4 Qc8 20. Qd4 Nf6 21. a4 Rb3 22. Rab1 Qb8 23. Rbc1 Qc7 24. h4 Nb8 25. hxg5 hxg5 26. Ne5 Nbd7 27. Nf3 g4 28. Ng5 Bf7 29. f4 Rfb8 30. Qd3 Ne4 31. Bxe4 fxe4 32. Qd4 Nf6 33. Qd1 Rxc3 34. Rxc3 Qa5 35. Qc2 Rb4 36. Ra1 Kg7 37. Kg2 Kg6 38. Nxf7 Kxf7 39. f5 Nd7 40. Qf2 Rb8 41. Rc2 Qc7 42. Rh1 Nf6 43. Qf4 Qxf4 44. gxf4 Rb3 45. Ra1 Rxe3 46. Rb1 d4 47. Rb7 d3 48. Rcb2 Re1 49. Rxa7 e3 50. Rbb7 Nd5 51. f6 Kxf6 52. Rb3 d2 0-1


[Site "https://www.chess.com"]

[Event "Titled Tuesday Blitz August 3 2021"]
[White "Li, Eric"]
[Black "Goncalves, Ivan Mesquita V"]
[WhiteFideId "30939941"]
[BlackFideId "2114224"]
[WhiteElo "1961"]
[BlackElo "2299"]
[Result "0-1"]
[Round "03"]
[TimeControl "180+1"]
[Date "2021.08.03"]
[WhiteClock "0:00:14"]
[BlackClock "0:00:13"]

1. d4 d5 2. c4 e6 3. Nc3 a6 4. cxd5 exd5 5. Bf4 c6 6. e3 Bd6 7. Bxd6 Qxd6 8. Bd3 Ne7 9. Nge2 Bf5 10. O-O Bxd3 11. Qxd3 O-O 12. a3 Nd7 13. Rfc1 b5 14. Rc2 a5 15. Rac1 a4 16. Na2 Nb6 17. Nb4 Nc4 18. Ng3 g6 19. e4 Rad8 20. e5 Qe6 21. Na6 Nc8 22. Nc5 Qe7 23. f4 f5 24. b3 axb3 25. Qxb3 N8b6 26. a4 Nxa4 27. Nxa4 bxa4 28. Qxa4 c5 29. Rxc4 dxc4 30. Qxc4+ Qf7 31. e6 Qe7 32. d5 Rd6 33. Ne2 Rfd8 34. Nc3 Kg7 35. Rb1 Kh6 36. Qxc5 Rxe6 37. Qd4 Re1+ 38. Kf2 Rxd5 39. Rxe1 Qxe1+ 40. Kxe1 Rxd4 41. Ne2 Ra4 42. Kf2 Kg7 43. g3 h6 44. Ke3 Kf6 45. Nc3 Ra3 46. Kd2 g5 47. Ne2 Kg6 48. Ke1 Kh5 49. Kf2 Ra2 50. Kf3 Rb2 51. h3 Kg6 52. g4 Rb3+ 53. Kg2 fxg4 54. hxg4 gxf4 55. Nxf4+ Kg5 56. Nd5 Kxg4 57. Nf6+ Kh4 58. Ne4 h5 59. Nf2 Rb2 60. Kf3 Rb8 61. Kg2 Rg8+ 62. Kh2 Rb8 63. Kg2 Rb2 64. Kf3 Kg5 65. Kg3 h4+ 66. Kf3 Kh5 67. Nh3 Rb3+ 68. Kg2 Kg4 69. Nf2+ Kf5 70. Kh2 Rb2 71. Kg1 Ra2 72. Kg2 Kf4 73. Kg1 Kg3 74. Ne4+ Kf4 75. Nf2 Kf3 76. Nd3 Kg3 77. Nc5 Ra1# 0-1


[Site "https://www.chess.com"]

[Event "Titled Tuesday Blitz August 3 2021"]
[White "Lintchevski, Daniil"]
[Black "Assaubayeva, Bibisara"]
[WhiteFideId "4171055"]
[BlackFideId "13708694"]
[WhiteElo "2505"]
[BlackElo "2232"]
[Result "0-1"]
[Round "03"]
[TimeControl "180+1"]
[Date "2021.08.03"]
[WhiteClock "0:00:52"]
[BlackClock "0:01:01"]

1. e4 c5 2. c3 Nf6 3. e5 Nd5 4. d4 cxd4 5. cxd4 d6 6. Bc4 e6 7. Nf3 Nc6 8. O-O Be7 9. Qe1 O-O 10. Qe4 dxe5 11. dxe5 b6 12. Bd3 g6 13. Bh6 Re8 14. Nbd2 Bb7 15. Qg4 Ne3 16. fxe3 Qxd3 17. Ne4 Nxe5 18. Nxe5 Qxe4 19. Qxe4 Bxe4 20. Rxf7 Bf8 21. Bxf8 Rxf8 22. Raf1 Rxf7 23. Rxf7 Rc8 24. Rf4 Rc1+ 25. Kf2 Rc2+ 26. Kg3 Rxg2+ 27. Kh3 Bd5 28. e4 Re2 29. Ng4 Bxa2 30. b4 a5 31. bxa5 bxa5 32. e5 Kg7 33. Ra4 h5 34. Nf6 Rxe5 35. Ne8+ Kf8 36. Nf6 Bb3 37. Ra3 Re3+ 38. Kh4 a4 39. Nd7+ Ke7 40. Nc5 Rc3 41. Nxa4 Rc4+ 42. Kg5 Rg4+ 43. Kh6 Bxa4 44. h3 Rc4 45. Kxg6 h4 46. Kg5 e5 47. Kf5 Kd6 48. Ra2 Bd7+ 49. Kg5 Bxh3 0-1


[Site "https://www.chess.com"]

[Event "Titled Tuesday Blitz August 3 2021"]
[White "Madaminov, Mukhiddin"]
[Black "Shailesh, Dravid"]
[WhiteFideId "14210703"]
[BlackFideId "25017969"]
[WhiteElo "1747"]
[BlackElo "2228"]
[Result "1-0"]
[Round "03"]
[TimeControl "180+1"]
[Date "2021.08.03"]
[WhiteClock "0:00:07"]
[BlackClock "0:00:07"]

1. e4 Nc6 2. Nf3 d6 3. d4 Nf6 4. Nc3 g6 5. Be2 Bg7 6. O-O Bg4 7. d5 Nb8 8. Nd4 Bxe2 9. Qxe2 O-O 10. Rd1 Qc8 11. f3 c5 12. Nb3 a6 13. a4 e6 14. dxe6 Qxe6 15. Bf4 Ne8 16. Qd2 Nc6 17. Bh6 Bxh6 18. Qxh6 Nf6 19. Nd5 Rad8 20. Qf4 Nh5 21. Qh4 f5 22. Re1 fxe4 23. Qxe4 Qxe4 24. Rxe4 Nf6 25. Nxf6+ Rxf6 26. Rd1 d5 27. Re2 b6 28. c3 a5 29. Red2 Rfd6 30. Na1 Ne5 31. b3 Kf7 32. Nc2 c4 33. b4 Nd3 34. Ne3 axb4 35. cxb4 Ra8 36. Ra1 b5 37. a5 d4 38. Nc2 Nf4 39. g3 Ne6 40. Na3 Rd5 41. Re1 d3 42. Nb1 Nd4 43. Kg2 Nc2 44. Re4 Nxb4 45. Nc3 Rf5 46. Rb2 Nd5 47. Nxb5 c3 48. Nd6+ Kf8 49. Rb5 c2 50. Nxf5 c1=Q 51. Rxd5 d2 52. Ne3 Qb2 53. Kh3 Ra6 54. Red4 Qc3 55. Rd3 Qb4 56. Rxd2 Rxa5 57. Rxa5 Kg7 58. Rad5 Qb8 59. R2d3 Kh6 60. Kg2 Qc8 61. Ng4+ Kg7 62. Rd7+ 1-0


[Site "https://www.chess.com"]

[Event "Titled Tuesday Blitz August 3 2021"]
[White "Makhnev, Denis"]
[Black "Silva, Miguel Antonio Neto"]
[WhiteFideId "13707647"]
[BlackFideId "1911929"]
[WhiteElo "2537"]
[BlackElo "2283"]
[Result "1-0"]
[Round "03"]
[TimeControl "180+1"]
[Date "2021.08.03"]
[WhiteClock "0:00:11"]
[BlackClock "0:01:11"]

1. d4 Nf6 2. c4 e6 3. Nf3 d5 4. Nc3 Bb4 5. Qa4+ Nc6 6. e3 Bd7 7. Qc2 a5 8. a3 Bd6 9. e4 dxe4 10. Nxe4 h6 11. Be3 O-O 12. O-O-O a4 13. Bd3 Na5 14. Kb1 Rb8 15. Ne5 Bxe5 16. dxe5 Nxe4 17. Bxe4 Qe7 18. Qc3 Nb3 19. h4 Bc6 20. Bc2 b5 21. Qd3 f5 22. exf6 Qxf6 23. Rh3 Rfd8 24. Qh7+ Kf7 25. Rxd8 Rxd8 26. cxb5 Bxg2 27. Rg3 Nd2+ 28. Bxd2 Rxd2 29. Rxg2 Rxf2 30. Qg6+ Kf8 31. Rxf2 Qxf2 32. Qxe6 Qf1+ 33. Ka2 Qxb5 34. Bg6 Qb3+ 35. Qxb3 axb3+ 36. Kxb3 Ke7 37. h5 Kd6 38. Kc4 1-0


[Site "https://www.chess.com"]

[Event "Titled Tuesday Blitz August 3 2021"]
[White "Maksimovic, Bojan"]
[Black "Terry, Renato"]
[WhiteFideId "14408120"]
[BlackFideId "3803457"]
[WhiteElo "2439"]
[BlackElo "2581"]
[Result "1/2-1/2"]
[Round "03"]
[TimeControl "180+1"]
[Date "2021.08.03"]
[WhiteClock "0:00:07"]
[BlackClock "0:00:10"]

1. e4 e6 2. d4 d5 3. Nc3 Nf6 4. Bg5 Bb4 5. e5 h6 6. Bd2 Bxc3 7. bxc3 Ne4 8. Bd3 Nxd2 9. Qxd2 c5 10. h4 Qe7 11. h5 c4 12. Be2 Qa3 13. Rh3 Nd7 14. Rg3 Rg8 15. f4 b5 16. Qc1 Qe7 17. a4 bxa4 18. Rxa4 a5 19. Nf3 Nb6 20. Ra3 Bd7 21. Qb2 Ra6 22. Kf2 Qd8 23. Rg4 Na4 24. Qa1 Nb6 25. Rxa5 Rxa5 26. Qxa5 Na4 27. Qb4 Qe7 28. Ke3 Qxb4 29. cxb4 Ke7 30. Ne1 f5 31. Rg6 Kf7 32. g4 fxg4 33. Bxg4 Rb8 34. Ng2 Rxb4 35. f5 exf5 36. Bf3 Nc3 37. Nf4 Be8 38. Nxd5 Nxd5+ 39. Bxd5+ Kf8 40. Rd6 Rb2 41. Bxc4 Rxc2 42. Bd3 Rh2 43. Bxf5 Rxh5 44. Be4 Rh3+ 45. Kf4 Rh4+ 46. Ke3 Rh3+ 47. Kf4 g5+ 48. Kf5 Rh4 49. e6 Ke7 50. Rb6 Bg6+ 51. Kxg6 Rxe4 52. d5 Re5 53. Rb7+ Kd6 54. Rd7+ Kc5 55. e7 g4 56. Kf7 Rf5+ 57. Ke6 Rf1 58. e8=Q Re1+ 59. Kf7 Rxe8 60. Kxe8 h5 61. Rh7 Kxd5 62. Kf7 Ke4 63. Kg6 g3 64. Kxh5 g2 65. Rg7 Kf3 66. Kh4 Kf2 67. Rf7+ Ke2 68. Rg7 Kf2 69. Rf7+ Ke2 70. Re7+ Kf2 71. Rf7+ 1/2-1/2


[Site "https://www.chess.com"]

[Event "Titled Tuesday Blitz August 3 2021"]
[White "Martin Duque, Jesus"]
[Black "Mortazavi, Ali"]
[WhiteFideId "2208954"]
[BlackFideId "401323"]
[WhiteElo "2224"]
[BlackElo "2339"]
[Result "0-1"]
[Round "03"]
[TimeControl "180+1"]
[Date "2021.08.03"]
[WhiteClock "0:00:17"]
[BlackClock "0:00:07"]

1. Nf3 Nf6 2. b3 g6 3. Bb2 Bg7 4. g3 O-O 5. Bg2 d6 6. d4 c6 7. O-O a5 8. a4 Na6 9. Nbd2 d5 10. c4 Bf5 11. Nh4 Bg4 12. h3 Be6 13. f4 Nb4 14. e3 Ne8 15. g4 dxc4 16. Nxc4 Bd5 17. e4 Bxc4 18. bxc4 e5 19. Nf3 exf4 20. e5 Nc7 21. Bc3 Qe7 22. Qd2 g5 23. Rfe1 Rad8 24. h4 h6 25. hxg5 hxg5 26. Bf1 f6 27. Rad1 Qe6 28. Qg2 Qf7 29. Bxb4 axb4 30. Bd3 fxe5 31. Nxg5 Qf6 32. Rxe5 Rxd4 33. Rf5 Qd8 34. Rxf8+ Kxf8 35. Qe2 Qxg5 36. Bf5 Qe7 37. Qc2 Qe3+ 38. Kg2 f3+ 39. Kh3 f2+ 40. Kh4 Bf6+ 41. Kh5 Qg5# 0-1


[Site "https://www.chess.com"]

[Event "Titled Tuesday Blitz August 3 2021"]
[White "Martinez Alcantara, Jose Eduardo"]
[Black "Shahade, Gregory"]
[WhiteFideId "3805662"]
[BlackFideId "2009064"]
[WhiteElo "2690"]
[BlackElo "2719"]
[Result "1-0"]
[Round "03"]
[TimeControl "180+1"]
[Date "2021.08.03"]
[WhiteClock "0:00:58"]
[BlackClock "0:00:08"]

1. c4 Nf6 2. g3 g6 3. Bg2 d5 4. Nc3 d4 5. Nd5 Bg7 6. Nxf6+ exf6 7. d3 O-O 8. Nf3 f5 9. O-O Nc6 10. Bd2 a5 11. Re1 Re8 12. a3 Qd6 13. Qc2 a4 14. e3 Be6 15. exd4 Nxd4 16. Nxd4 Bxd4 17. Be3 Red8 18. Rad1 c6 19. Bg5 Rd7 20. h4 h5 21. Bf4 Qc5 22. Be3 Bxe3 23. fxe3 Qe5 24. Kf2 Rad8 25. d4 Qa5 26. Bf1 Kh7 27. Qc3 Qc7 28. Bg2 Re8 29. d5 cxd5 30. cxd5 Qxc3 31. bxc3 Red8 32. dxe6 Rxd1 33. Rxd1 Rxd1 34. e7 1-0


[Site "https://www.chess.com"]

[Event "Titled Tuesday Blitz August 3 2021"]
[White "Melikhov, Evgeny V."]
[Black "Karttunen, Mika"]
[WhiteFideId "4122046"]
[BlackFideId "502081"]
[WhiteElo "1965"]
[BlackElo "2343"]
[Result "1-0"]
[Round "03"]
[TimeControl "180+1"]
[Date "2021.08.03"]
[WhiteClock "0:00:11"]
[BlackClock "0:00:14"]

1. d4 Nf6 2. c4 c5 3. d5 b5 4. cxb5 a6 5. b6 Qxb6 6. Nc3 d6 7. a4 g6 8. a5 Qd8 9. e4 Bg7 10. Nf3 O-O 11. Be2 Nbd7 12. O-O Ne8 13. Nd2 Nc7 14. Nc4 Nb5 15. Na4 Nd4 16. Bd2 Nxe2+ 17. Qxe2 Nf6 18. Nab6 Ra7 19. Bc3 Bd7 20. Nxd7 Qxd7 21. Nb6 Qb5 22. Qxb5 axb5 23. f3 b4 24. Bd2 Nd7 25. Nc4 Ne5 26. Nxe5 Bxe5 27. Ra2 Bd4+ 28. Kh1 Rb8 29. Rb1 Rb5 30. Rba1 b3 31. Ra4 Bxb2 32. Rb1 Bd4 33. g4 b2 34. Kg2 Rb3 35. h4 f5 36. exf5 gxf5 37. g5 Kf7 38. h5 e6 39. dxe6+ Kxe6 40. f4 d5 41. a6 c4 42. g6 hxg6 43. hxg6 Rg7 44. a7 Rxa7 45. Rxa7 Bxa7 46. g7 Rb8 47. Rxb2 Rxb2 48. g8=Q+ Kd6 49. Qd8+ Kc6 50. Qc8+ Kd6 51. Qa6+ Bb6 52. Kf3 Rb3+ 53. Ke2 d4 54. Ba5 d3+ 55. Kd2 Rb2+ 56. Kc1 c3 57. Bxc3 Rc2+ 58. Kd1 Rxc3 59. Qxb6+ Kd5 60. Kd2 Rc4 61. Kxd3 Rxf4 62. Qb5+ Ke6 63. Qc6+ Ke7 64. Qc7+ 1-0


[Site "https://www.chess.com"]

[Event "Titled Tuesday Blitz August 3 2021"]
[White "Mikhailovsky, Vladimir"]
[Black "Siddharth, Jagadeesh"]
[WhiteFideId "34105414"]
[BlackFideId "5818320"]
[WhiteElo "2315"]
[BlackElo "2127"]
[Result "1/2-1/2"]
[Round "03"]
[TimeControl "180+1"]
[Date "2021.08.03"]
[WhiteClock "0:00:13"]
[BlackClock "0:00:11"]

1. e4 e5 2. Nf3 Nc6 3. Nc3 Nf6 4. d4 exd4 5. Nxd4 Bb4 6. Nxc6 bxc6 7. Bd3 d5 8. exd5 O-O 9. O-O Bg4 10. f3 Bh5 11. dxc6 Qd4+ 12. Kh1 Bxc3 13. bxc3 Qxc3 14. Rb1 Bg6 15. Rb3 Qxc6 16. Bb2 Rfd8 17. Qa1 Bxd3 18. cxd3 Rab8 19. Rc1 Qd6 20. Be5 Qe6 21. Rxb8 Rxb8 22. Bxc7 Rc8 23. a4 Qd7 24. Be5 Rxc1+ 25. Qxc1 Qxa4 26. Qc8+ Qe8 27. Qc3 Nd5 28. Qd4 Nb6 29. h3 f6 30. Bc7 Qe6 31. Qd8+ Kf7 32. Qb8 Nd5 33. Bd6 Qd7 34. Bc5 a5 35. d4 a4 36. Qa8 h6 37. Kh2 Nf4 38. Qf8+ Kg6 39. Qb8 Ne6 40. Qb4 Nxc5 41. dxc5 Qc7+ 42. Kh1 Qa7 43. c6 a3 44. Qg4+ Kh7 45. Qe4+ Kh8 46. Qe8+ Kh7 47. Qd7 Qxd7 48. cxd7 a2 49. d8=Q a1=Q+ 50. Kh2 Qe5+ 51. Kh1 Qe1+ 52. Kh2 Qe5+ 53. Kg1 Qe1+ 54. Kh2 Qe5+ 1/2-1/2


[Site "https://www.chess.com"]

[Event "Titled Tuesday Blitz August 3 2021"]
[White "Milosevic, Milos"]
[Black "Dronavalli, Harika"]
[WhiteFideId "964875"]
[BlackFideId "5015197"]
[WhiteElo "2135"]
[BlackElo "2422"]
[Result "0-1"]
[Round "03"]
[TimeControl "180+1"]
[Date "2021.08.03"]
[WhiteClock "0:00:09"]
[BlackClock "0:00:27"]

1. Nf3 Nf6 2. b3 g6 3. Bb2 Bg7 4. c4 O-O 5. g3 d6 6. Bg2 e5 7. d3 c5 8. O-O Nc6 9. Nc3 h6 10. Ne1 Be6 11. Nd5 Kh7 12. a3 Rc8 13. Nc2 b6 14. Nce3 Nd4 15. b4 Nd7 16. b5 f5 17. Bxd4 cxd4 18. Nc2 Bxd5 19. Bxd5 Nc5 20. Nb4 Rc7 21. Nc6 Qf6 22. a4 e4 23. a5 h5 24. axb6 axb6 25. Nb4 h4 26. Na6 Re7 27. Qc2 Bh6 28. Nxc5 dxc5 29. dxe4 f4 30. g4 f3 31. h3 fxe2 32. Qxe2 Bf4 33. Kg2 Be5 34. Qd2 g5 35. Ra3 Kh6 36. Rb1 Bf4 37. Qe2 Rd8 38. Rbb3 Qe5 39. Rf3 Kg7 40. Ra6 Rd6 41. Qa2 Rf6 42. Ra8 Rf8 43. Rxf8 Kxf8 44. Qa8+ Re8 45. Qc6 Rb8 46. Qd7 Qe7 47. Qf5+ Kg7 48. e5 Rf8 49. Qe4 Qxe5 50. Qxe5+ Bxe5 51. Rxf8 Kxf8 52. Be4 Ke7 53. Bd3 Kd6 54. f3 Bg3 55. Kf1 Ke5 56. Kg2 Kf4 57. Bf5 Ke3 58. Bg6 d3 59. Be4 d2 60. Bc2 Ke2 61. f4 Bxf4 62. Kg1 d1=Q+ 63. Bxd1+ Kxd1 64. Kf2 Kd2 65. Kf3 Kd3 0-1


[Site "https://www.chess.com"]

[Event "Titled Tuesday Blitz August 3 2021"]
[White "Mirzoev, Azer"]
[Black "Andreikin, Dmitry"]
[WhiteFideId "13400304"]
[BlackFideId "4158814"]
[WhiteElo "2525"]
[BlackElo "2782"]
[Result "1/2-1/2"]
[Round "03"]
[TimeControl "180+1"]
[Date "2021.08.03"]
[WhiteClock "0:00:11"]
[BlackClock "0:00:57"]

1. d4 d5 2. Nf3 Nf6 3. c4 e6 4. Nc3 Nbd7 5. cxd5 exd5 6. Bg5 c6 7. e3 h6 8. Bh4 Be7 9. Bd3 Nh5 10. Bxe7 Qxe7 11. O-O O-O 12. Qc2 Re8 13. h3 Qf6 14. b4 g6 15. b5 Ng7 16. bxc6 bxc6 17. Rfc1 Ne6 18. Rab1 Nd8 19. Na4 Nb6 20. Ne5 Nxa4 21. Qxa4 Qg5 22. Kf1 Qh4 23. Nxc6 Bd7 24. Bb5 Bf5 25. Nxd8 Rexd8 26. Rb3 Rac8 27. Rbc3 Rxc3 28. Rxc3 Rb8 29. Rc5 Qe4 30. Kg1 Qb1+ 31. Kh2 Qe1 32. Qxa7 Rf8 33. Kg3 h5 34. h4 Qd1 35. Kh2 Qe1 36. Kg3 Qd1 37. Kh2 Qe1 38. Kg3 1/2-1/2


[Site "https://www.chess.com"]

[Event "Titled Tuesday Blitz August 3 2021"]
[White "Moon_stone123"]
[Black "Korchmar, Vasiliy"]
[BlackFideId "24131750"]
[WhiteElo "2415"]
[BlackElo "2370"]
[Result "0-1"]
[Round "03"]
[TimeControl "180+1"]
[Date "2021.08.03"]
[WhiteClock "0:00:29"]
[BlackClock "0:01:28"]

1. Nf3 d5 2. g3 Bg4 3. Bg2 Nd7 4. O-O e6 5. d3 Ngf6 6. c4 c6 7. b3 Bd6 8. Bb2 O-O 9. Nbd2 Re8 10. Qc2 a5 11. a3 e5 12. e4 d4 13. h3 Bh5 14. Nh4 Nc5 15. g4 Bg6 16. Nf5 Ne6 17. Nf3 Nf4 18. Bc1 Bxf5 19. gxf5 N6h5 20. Kh1 g6 21. Rg1 Kh8 22. fxg6 fxg6 23. Nh2 Qh4 24. Nf3 Qf6 25. Nh2 Rf8 26. Ng4 Qh4 27. Bxf4 Nxf4 28. Nh2 Nxh3 29. Bxh3 Qxh3 30. Rg3 Qh5 31. Kg2 Rf4 32. Rh1 Rh4 33. Qd2 Rf8 34. c5 Bxc5 35. Rg5 Qh6 36. Ng4 Rxg4+ 0-1


[Site "https://www.chess.com"]

[Event "Titled Tuesday Blitz August 3 2021"]
[White "Murzin, Volodar"]
[Black "Angel_Hranitel_37"]
[WhiteFideId "44155573"]
[WhiteElo "2541"]
[BlackElo "2564"]
[Result "1-0"]
[Round "03"]
[TimeControl "180+1"]
[Date "2021.08.03"]
[WhiteClock "0:00:57"]
[BlackClock "0:01:15"]

1. e4 c5 2. Nf3 e6 3. g3 d5 4. exd5 exd5 5. d4 Nc6 6. Bg2 Bg4 7. O-O cxd4 8. Nbd2 Nf6 9. Nb3 Be7 10. Nbxd4 O-O 11. c3 Rc8 12. Be3 Qd7 13. Re1 Ne4 14. Nxc6 bxc6 15. Ne5 Bxd1 16. Nxd7 Bh5 17. Nxf8 Kxf8 18. Bxa7 Ra8 19. Be3 Rb8 20. a4 Rxb2 21. a5 Nxc3 22. Bd4 Ne2+ 23. Rxe2 Rxe2 24. a6 Ba3 25. a7 Re8 26. Rxa3 Re1+ 27. Bf1 Be2 28. a8=Q+ Ke7 29. Qb7+ Kd6 30. Qb4+ 1-0


[Site "https://www.chess.com"]

[Event "Titled Tuesday Blitz August 3 2021"]
[White "Nguyen Hong Nhung"]
[Black "Kavyev, Ruslan"]
[WhiteFideId "12412201"]
[BlackFideId "34110981"]
[WhiteElo "1661"]
[BlackElo "2172"]
[Result "0-1"]
[Round "03"]
[TimeControl "180+1"]
[Date "2021.08.03"]
[WhiteClock "0:00:17"]
[BlackClock "0:01:55"]

1. e4 d5 2. exd5 Nf6 3. d4 Bg4 4. Be2 Bxe2 5. Qxe2 Qxd5 6. Nf3 Nc6 7. c4 Qf5 8. Nc3 O-O-O 9. Be3 e6 10. O-O Bd6 11. Rab1 Bf4 12. h3 g5 13. b4 h5 14. b5 Ne7 15. Ne5 Bxe5 16. dxe5 Qxe5 17. Qb2 g4 18. h4 g3 19. Qa3 gxf2+ 20. Bxf2 Ng4 21. g3 Rd3 22. Kg2 Nf5 23. Qxa7 Rxg3+ 24. Bxg3 Qxg3+ 25. Kh1 Qh2# 0-1


[Site "https://www.chess.com"]

[Event "Titled Tuesday Blitz August 3 2021"]
[White "Novikov, Evgenij"]
[Black "Xiong, Jeffery"]
[WhiteFideId "4125380"]
[BlackFideId "2047640"]
[WhiteElo "2242"]
[BlackElo "2724"]
[Result "0-1"]
[Round "03"]
[TimeControl "180+1"]
[Date "2021.08.03"]
[WhiteClock "0:00:02"]
[BlackClock "0:01:21"]

1. d4 Nf6 2. c4 c5 3. d5 b5 4. cxb5 a6 5. bxa6 g6 6. Nc3 Bxa6 7. e4 Bxf1 8. Kxf1 d6 9. g3 Bg7 10. Kg2 O-O 11. Nge2 Nbd7 12. Qc2 Qb6 13. a4 Rfb8 14. Nb5 Ne8 15. Nec3 Qa5 16. Bg5 Kf8 17. b3 Qb4 18. Bd2 c4 19. Rab1 Nc5 20. bxc4 Qxc4 21. Rhc1 Nf6 22. f3 Nfd7 23. Na3 Qa6 24. Rxb8+ Rxb8 25. Nab5 Ne5 26. Be3 Ned7 27. Rb1 Rc8 28. Qe2 Nxa4 29. Nxa4 Qxa4 30. Rc1 Rb8 31. Nc3 Qa3 32. Qd2 Rb2 33. Rc2 Bxc3 34. Bh6+ Ke8 35. Rxb2 Bxd2 36. Rxd2 f5 37. exf5 gxf5 38. Bf4 Nf6 39. Re2 Nxd5 40. Bg5 Qd3 0-1


[Site "https://www.chess.com"]

[Event "Titled Tuesday Blitz August 3 2021"]
[White "Obolentseva, Alexandra"]
[Black "Mekhitarian, Krikor Sevag"]
[WhiteFideId "24153648"]
[BlackFideId "2107660"]
[WhiteElo "2113"]
[BlackElo "2598"]
[Result "0-1"]
[Round "03"]
[TimeControl "180+1"]
[Date "2021.08.03"]
[WhiteClock "0:00:13"]
[BlackClock "0:00:08"]

1. d4 Nf6 2. c4 g6 3. Nc3 d5 4. Nf3 Bg7 5. e3 O-O 6. cxd5 Nxd5 7. Bc4 Nxc3 8. bxc3 c5 9. O-O Qc7 10. Qe2 Nc6 11. Bb2 b6 12. Rac1 e5 13. d5 Na5 14. Bd3 c4 15. Bb1 Nb7 16. e4 Nd6 17. Nd2 b5 18. a4 a6 19. Ba3 Bh6 20. Ba2 Bd7 21. Rc2 f6 22. Rb1 Rab8 23. axb5 axb5 24. Bb4 Kh8 25. Nf1 Ra8 26. Rd1 Ra6 27. Bb1 Rfa8 28. Ra2 Rxa2 29. Bxa2 Kg7 30. Ng3 Qb6 31. Bb1 Bf4 32. Kh1 Nb7 33. Nf1 Nc5 34. Ne3 h5 35. d6 Bh6 36. Nd5 Qa7 37. Qf3 Rf8 38. Ne7 Ne6 39. Nd5 Nc5 40. Ne7 Bg4 41. Qg3 Bf4 42. Qh4 g5 43. Nf5+ Kh7 44. Qxg4 hxg4 45. Bxc5 Qxc5 46. d7 Qxf2 47. Ne7 Qh4 48. g3 Bxg3 49. Rd2 Bf4 50. Re2 Rd8 51. Nf5 Qh3 0-1


[Site "https://www.chess.com"]

[Event "Titled Tuesday Blitz August 3 2021"]
[White "Oparin, Grigoriy"]
[Black "Molina, Roberto Junio Brito"]
[WhiteFideId "24125890"]
[BlackFideId "2109450"]
[WhiteElo "2628"]
[BlackElo "2402"]
[Result "1/2-1/2"]
[Round "03"]
[TimeControl "180+1"]
[Date "2021.08.03"]
[WhiteClock "0:00:55"]
[BlackClock "0:00:12"]

1. d4 d5 2. c4 c6 3. Nf3 Nf6 4. g3 Bf5 5. Nc3 e6 6. Qb3 Qb6 7. Nh4 Qxb3 8. axb3 Bc2 9. c5 Bxb3 10. e3 Nbd7 11. Ra3 Bc4 12. Bxc4 dxc4 13. Ra4 b5 14. cxb6 Nxb6 15. Ra6 Be7 16. Bd2 O-O 17. Ke2 c5 18. dxc5 Bxc5 19. Rha1 Nbd5 20. Nf3 Rab8 21. R6a5 Rfc8 22. R1a2 Bb4 23. R5a4 Bxc3 24. Bxc3 Ne4 25. Be5 Rb7 26. Rxa7 Rxa7 27. Rxa7 f6 28. Bd4 e5 29. Nxe5 fxe5 30. Bxe5 Nef6 31. e4 c3 32. bxc3 Nxc3+ 33. Bxc3 Rxc3 34. e5 Nd5 35. f4 Rc7 36. Rxc7 Nxc7 37. Ke3 Kf7 38. Ke4 g6 39. g4 Ne6 40. h4 h5 41. gxh5 gxh5 42. f5 Nc5+ 43. Ke3 Ke7 44. Kf4 Nd3+ 45. Ke4 Nc5+ 46. Kd4 Nb3+ 47. Kd5 Nd2 48. e6 Nf3 49. Ke4 Nxh4 50. Kf4 Nxf5 51. Kxf5 h4 52. Kg4 h3 53. Kxh3 Kxe6 1/2-1/2


[Site "https://www.chess.com"]